 Dungeon Crawl Stone Soup version 0.22.1-2-g9c5b331 (webtiles) character file.

373 Gearfox the Slasher (level 6, -5/52 HPs)
             Began as a Draconian Berserker on Dec 1, 2018.
             Was a Believer of Trog.
             Slain by a mummy (16 damage)
             ... in an ossuary.
             The game lasted 00:12:52 (4358 turns).

Gearfox the Slasher (Draconian Berserker)           Turns: 4358, Time: 00:12:53

Health: -5/52      AC:  6    Str: 21    XL:     6   Next: 43%
Magic:  6/6        EV: 12    Int:  8    God:    Trog [**....]
Gold:   177        SH:  0    Dex: 10    Spells: 5/5 levels left

rFire    x . .     SeeInvis .   a - +0 falchion
rCold    + . .     Gourm    .   (no shield)
rNeg     . . .     Faith    .   (armour unavailable)
rPois    .         Spirit   .   (helmet restricted)
rElec    .         Reflect  .   (no cloak)
rCorr    .         Harm     .   (no gloves)
MR       ++...                  (no boots)
Stlth    +.........             (no amulet)
HPRegen  1.17/turn              c - ring of ice
MPRegen  0.10/turn              (no ring)

@: berserk cooldown, regenerating, slowed, very slow
A: unfitting armour, cold-blooded, AC +6
a: Berserk, Trog's Hand, Renounce Religion


You were in an ossuary.
You worshipped Trog.
Trog was pleased with you.
You were near starving.

You visited 1 branch of the dungeon, and saw 4 of its levels.
You also visited: Ossuary.

You collected 177 gold pieces.

Inventory:

Hand Weapons
 a - a +0 falchion (weapon)
Jewellery
 c - a ring of ice (left hand)
 d - an uncursed amulet of guardian spirit {unknown}
Scrolls
 f - 2 scrolls of fear
 i - 2 scrolls of teleportation
Potions
 e - a potion of haste {unknown}
 g - 4 potions of flight {unknown}
 j - a potion of mutation {unknown}
Comestibles
 b - 3 rations


   Skills:
 * Level 3.8 Fighting
 - Level 7.0 Long Blades
 + Level 2.8 Dodging


You had 5 spell levels left.
You didn't know any spells.
Your spell library was empty.

Dungeon Overview and Level Annotations

Branches:
Dungeon (4/15)
 Temple: D:4-7

Altars:


Innate Abilities, Weirdness & Mutations

Your plain brown scales are hard. (AC +6)
You cannot fit into any form of body armour.
You are cold-blooded and may be slowed by cold attacks.


Message History

The mummy is moderately damaged.
You feel the effects of Trog's Hand fading.
The mummy closely misses you.
You hit the mummy.
The mummy is moderately damaged.
The mummy closely misses you. The mummy misses you.
You hit the mummy.
The mummy is heavily damaged.
The mummy hits you! The mummy completely misses you.
You hit the mummy.
The mummy is heavily damaged.
The mummy hits you!
* * * LOW HITPOINT WARNING * * *
The mummy closely misses you.
You hit the mummy.
The mummy is severely damaged.
The mummy hits you.
* * * LOW HITPOINT WARNING * * *
The mummy hits you!
You die...

#..#.###'###'#####'##'####
#..#.#....#....#....#....#
#..###....#....#....#....#
#..'.#....#....#....#....#
#..#.#....#....#....#....#
#..#.#####################
#..###....#....... #....#
#..'.#....#....... #....#
#..#.'...@M...???. #....#
#..#.#...M#..!!$?? #....'
#..########..?$∩$? ######
#..+ ..!?$!! #....# #..#
...?!!. #....' #..#
....... #....# #..#
....... #....#
################
#....#....#....#


You could see 2 mummies.

Vanquished Creatures
  A troll zombie (Ossuary)
  3 centaur zombies (Ossuary)
  A worker ant (D:2)
  A big kobold zombie (Ossuary)
  5 mummies (Ossuary)
  4 adders
  2 oozes (D:2)
  2 adder zombies (Ossuary)
  A worm (D:3)
  A dart slug (D:1)
  A leopard gecko (D:3)
  2 orcs (D:3)
  3 ball pythons
  4 giant cockroaches
  8 goblins
  6 hobgoblins
  2 jackals (D:1)
  A quokka (D:3)
  4 bats
  3 frilled lizards
  A gnoll zombie (Ossuary)
  5 goblin zombies (Ossuary)
  3 hobgoblin zombies (Ossuary)
  6 kobolds
  3 kobold zombies (Ossuary)
  2 quokka zombies (Ossuary)
  5 rats
  2 rat zombies (Ossuary)
82 creatures vanquished.

Notes
Turn   | Place    | Note
-------+----------+-------------------------------------------
     0 | D:1      | Gearfox the Draconian Berserker began the quest for the
                  | Orb.
     0 | D:1      | Reached XP level 1. HP: 19/19 MP: 1/1
   190 | D:1      | Reached XP level 2. HP: 26/26 MP: 2/2
   539 | D:1      | Reached skill level 4 in Long Blades
  1135 | D:2      | Reached XP level 3. HP: 25/31 MP: 3/3
  1412 | D:2      | Reached ** piety under Trog
  1463 | D:2      | Reached skill level 5 in Long Blades
  1463 | D:2      | Reached XP level 4. HP: 38/38 MP: 4/4
  3440 | D:4      | Found a sand-covered staircase.
  3446 | Ossuary  | Entered an ossuary
  3508 | Ossuary  | Reached skill level 6 in Long Blades
  3508 | Ossuary  | Reached XP level 5. HP: 32/45 MP: 5/5
  3985 | Ossuary  | Reached XP level 6. HP: 51/51 MP: 6/6
  4031 | Ossuary  | Reached skill level 7 in Long Blades
  4358 | Ossuary  | Slain by a mummy

Skill      XL: |  1  2  3  4  5  6 |
---------------+-------------------+-----
Long Blades    | 4 5 6 7 |  7.0
Fighting       | |  3.8
Dodging        | |  2.8

Action                   |  1- 3 |  4- 6 || total
-------------------------+-------+-------++-------
Melee: Falchion          |    85 |   189 ||   274
       Tailslap          |    17 |    30 ||    47
Invok: Berserk           |     1 |     5 ||     6
       Trog's Hand       |       |     2 ||     2
  Use: Potion            |     1 |       ||     1
       Scroll            |     2 |     3 ||     5
  Eat: Chunk             |     3 |     6 ||     9
       Ration            |       |     2 ||     2
Armor: Skin              |    33 |    47 ||    80
Dodge: Dodged            |    65 |   112 ||   177
       Rpst.: Falchion   |    21 |    35 ||    56
